 Dungeon Crawl Stone Soup version 0.26-b1-32-g5d43845318 (webtiles) character file.

Game seed: 3428124897019003603

135 raceaflais the Digger (level 4, -7/33 HPs)
             Began as a Demigod Earth Elementalist on Jan 4, 2021.
             Killed from afar by an electric eel (11 damage)
             ... with a bolt of electricity
             ... on level 3 of the Dungeon.
             The game lasted 00:10:21 (3012 turns).

raceaflais the Digger (Demigod Earth Elementalist)  Turns: 3012, Time: 00:10:21

Health: -7/33      AC:  5    Str: 11      XL:     4   Next: 65%
Magic:  11/11      EV: 11    Int: 25 (27) God:
Gold:   149        SH:  0    Dex: 16      Spells: 7/8 levels left

rFire    + . .     SeeInvis .   (no weapon)
rCold    x . .     Faith    .   (no shield)
rNeg     . . .     Spirit   .   f - +0 ring mail
rPois    .         Reflect  .   (no helmet)
rElec    .         Harm     .   (no cloak)
rCorr    .         Rampage  .   (no gloves)
Will     .....                  (no boots)
Stlth    +.........             k - amulet of magic regeneration
HPRegen  0.11/turn              e - ring of fire
MPRegen  0.37/turn              j - +6 ring of intelligence

@: about to teleport
A: high mp 1
a: no special abilities


You were on level 3 of the Dungeon.
You visited 1 branch of the dungeon, and saw 3 of its levels.

You collected 149 gold pieces.

Inventory:

Hand Weapons
 l - a +2 whip of freezing
 p - a +0 dagger
Missiles
 a - 36 bolts
 b - 30 stones (quivered)
 d - 23 poisoned darts
 h - 23 sling bullets
 i - a throwing net
 n - 17 arrows
 o - 6 boomerangs
Armour
 c - a +0 robe
 f - a +0 ring mail (worn)
Jewellery
 e - a ring of fire (left hand)
 g - an uncursed ring of see invisible {unknown}
 j - a +6 ring of intelligence (right hand)
 k - an amulet of magic regeneration (around neck)
Wands
 r - a wand of flame (11)
Scrolls
 m - 4 scrolls of teleportation
 q - a scroll of noise {unknown}


   Skills:
 + Level 1.0 Armour
 + Level 1.8 Dodging
 + Level 2.0 Stealth
 + Level 2.9 Spellcasting
 + Level 1.0 Transmutations
 + Level 4.1 Earth Magic


You had 7 spell levels left.
You knew the following spells:

 Your Spells              Type           Power        Failure   Level
a - Sandblast             Erth           48%          4%          1

Your spell library contained the following spells:

 Spells                   Type           Power        Failure   Level
 Passwall                 Tmut/Erth      13%          13%         2
 Stone Arrow              Conj/Erth      26%          30%         3
 Petrify                  Tmut/Erth      16%          63%         4
 Lee's Rapid Deconstruct  Erth           12%          77%         5


Dungeon Overview and Level Annotations

Branches:
Dungeon (3/15)

Annotations:
D:3 1 transporter


Innate Abilities, Weirdness & Mutations

You have an increased reservoir of magic. (+10% MP)


Message History

* * * LOW HITPOINT WARNING * * *
The bolt of electricity hits the plant!
There is an open door here.
Casting: Sandblast (safe; 4% risk of failure)
Confirm with . or Enter, or press ? or * to list all spells.
Aiming: Sandblast (safe; 4% risk of failure)
Press: ? - help, Shift-Dir - straight line, f - electric eel
Aim: an electric eel (32% to evade)
The blast of sand hits the electric eel!
The electric eel is heavily wounded.
b - 30 stones
Casting: Sandblast (safe; 4% risk of failure)
Confirm with . or Enter, or press ? or * to list all spells.
You don't know that spell.
You aren't carrying any potions.
As you read the scroll of teleportation, it crumbles to dust.
You feel strangely unstable.
The electric eel shoots out a bolt of lightning at you!
The bolt of electricity misses you. The bolt of electricity hits you!
You die...

.# ...
################### #.#
#.................###..
#[###############.#...
##.#8P#≈≈≈≈≈≈≈#P8#.#.#
###..#..#≈≈≈≈≈..#..#...#
.#..©#©$+PP≈⌠≈..@.©#©..#
...).#..#≈≈≈≈≈..#..#...#
.###)#8P#≈≈≈≈≈;;#P8#.#.#
.# #.###############.#.#
.# #.†...............# #
.# ###################
.# .# ##


You could see 2 electric eels.

Vanquished Creatures
  An orc priest (D:3)
  An orc wizard (D:3)
  A gnoll (D:1)
  2 adders
  2 oozes (D:2)
  4 leopard geckos
  3 orcs (D:3)
  A ball python (D:1)
  3 bats
  4 goblins
  5 hobgoblins
  A jackal (D:2)
  3 kobolds
  2 frilled lizards (D:2)
  2 rats (D:2)
35 creatures vanquished.

Vanquished Creatures (others)
  21 plants
21 creatures vanquished.

Grand Total: 56 creatures vanquished

Notes
Turn   | Place    | Note
-------+----------+-------------------------------------------
     0 | D:1      | raceaflais the Demigod Earth Elementalist began the quest
                  | for the Orb.
     0 | D:1      | Reached XP level 1. HP: 14/14 MP: 5/5
   475 | D:1      | Reached skill level 3 in Earth Magic
   675 | D:1      | Reached XP level 2. HP: 20/20 MP: 5/7
  1168 | D:2      | Reached skill level 1 in Transmutations
  1619 | D:2      | Reached XP level 3. HP: 26/26 MP: 6/8
  2809 | D:3      | Found a transporter.
  2933 | D:3      | Reached XP level 4. HP: 29/33 MP: 7/10
  2937 | D:3      | Reached skill level 1 in Armour
  2937 | D:3      | Reached skill level 4 in Earth Magic
  2985 | D:3      | Found a transporter.
  3012 | D:3      | Killed from afar by an electric eel

Illustrated notes

Levels and vault maps discovered:
D:1:      moated_graveyard_arrival, layout_basic
D:2:      layout_loops_ring, nicolae_overflow_hidden_temple, serial_forest,
          infiniplex_forest_lined_4_way, infiniplex_forest_end_2,
          infiniplex_forest_end_2, infiniplex_forest_side_room,
          infiniplex_forest_zigzag_1, infiniplex_forest_lined_2,
          infiniplex_forest_straight_2, infiniplex_forest_corner_1,
          minmay_pentomino_r4
D:3:      gammafunk_steamed_eel, layout_basic, serial_bayou_pond_c,
          grunt_decor_cap

Skill      XL: |  1  2  3  4 |
---------------+-------------+-----
Spellcasting   | 2 |  2.9
Earth Magic    | 3 4 |  4.1
Transmutations | 1 |  1.0
Stealth        | 2 |  2.0
Armour         | 1 |  1.0
Dodging        | |  1.8

Action                   |  1- 3 |  4- 6 || total
-------------------------+-------+-------++-------
Throw: Stone             |     1 |       ||     1
 Cast: Sandblast         |    49 |     4 ||    53
  Use: Scroll            |     6 |     1 ||     7
       Potion            |     2 |       ||     2
Armor: Ring mail         |    14 |       ||    14
Dodge: Dodged            |    10 |     2 ||    12
